Map: Eternal Empire LE

Players

Throwfordays - Winner!

  • Race: Zerg Zerg
  • League: Silver
  • Spawn Location: 1:00

Oneida

  • Race: Terran Terran
  • League: Bronze
  • Spawn Location: 7:00

VOD

Have the link to the VOD?

Description

Time

  • Played on: July 19, 2020, 3:30 p.m.
  • Length: 3:56
Show
View Real Time Build Order
Export as new Build Order

Throwfordays Zerg - Winner!

Build Orders: Hatch First 

Get SALT Encoding   

  12  0:01  Drone  
  13  0:13  Overlord  
  13  0:18  Drone  
  14  0:31  Drone x2  
  16  0:50  Hatchery  
  16  0:53  Drone  
  16  1:09  Spawning Pool  
  15  1:11  Drone  
  15  1:15  Drone  
  17  1:18  Drone  
  17  1:22  Extractor  
  17  1:24  Drone  
  18  1:34  Overlord  
  18  1:46  Drone  
  19  1:56  Queen  
  19  2:00  Zergling x2  
  22  2:02  Queen  
  22  2:03  Zergling x2  
  22  2:07  Zergling x2  
  26  2:23  Zergling x2  
  26  2:26  Zergling x2  
  28  2:46  Drone x2  
  28  2:50  Drone x3  
  33  3:07  Zergling x2  
  33  3:09  Zergling x4  
  36  3:16  Baneling Nest, Overlord x2  
  36  3:19  Drone  
  36  3:22  Extractor  
  36  3:23  Drone  
Show
View Real Time Build Order
Export as new Build Order

Oneida Terran 

Build Orders:  

Get SALT Encoding   

  12  0:02  SCV  
  13  0:16  Supply Depot  
  13  0:18  SCV  
  14  0:30  SCV  
  15  0:42  SCV  
  15  0:43  Barracks  
  16  0:52  Supply Depot  
  16  0:55  SCV  
  17  1:16  Refinery, SCV  
  18  1:20  Engineering Bay  
  18  1:32  Supply Depot  
  18  1:36  Orbital Command  
  18  1:47  Refinery  
  18  1:55  Barracks Tech Lab  
  18  2:22  Marauder  
  20  2:24  Concussive Shells  
  20  2:28  SCV  
  21  2:40  SCV  
  22  2:45  Marine  
  23  2:52  SCV  
  24  3:02  Marine  
  25  3:11  Command Center  
Tags
 
Matchup
TvZ
Replay Pack
Multiplayer
Spawn Locations
Cross Positions
Add a new tag
Caveats
  • Supply blocks, unpowered buildings, or Contaminate may cause inaccurate times.
  • Supply counts are checked every 10 seconds.